 Dungeon Sprint DCSS version 0.30-a0-726-gd89dcf765f (webtiles) character file.

Game seed: 2543087748956693487

1486 Legacy the Eclecticist (level 8, -8/88 HPs)
             Began as a Deep Elf Monk on Jan 29, 2023.
             Was a High Priest of Vehumet.
             Shot with an arrow by a deep elf archer (11 damage)
             ... in the Dungeon (Sprint V: "Ziggurat Sprint").
             The game lasted 00:04:29 (878 turns).

Legacy the Eclecticist (Deep Elf Monk)               Turns: 878, Time: 00:04:29

Health: -8/88      AC: 27    Str:  8    XL:     8   Next: 50%
Magic:  36/38      EV:  1    Int: 22    God:    Vehumet [*****.]
Gold:   0          SH:  0    Dex: 19    Spells: 31/37 levels left

rFire   + + .      SeeInvis .    B - +7 great mace "Firestarter" {flame, inner flame, rFlCloud rF++}
rCold   . . .      Faith    .    (shield currently unavailable)
rNeg    . . .      Spirit   .    x - +15 Maxwell's patent armour {-Cast -Tele rElec Will+ rCorr}
rPois   .          Reflect  .    (no helmet)
rElec   +          Harm     .    (no cloak)
rCorr   +          Rampage  .    (no gloves)
Will    +....      NoTele   +    (no boots) Stlth NoCast +
                                 (no amulet)
HPRegen 0.34/turn                k - +6 ring of intelligence
MPRegen 0.26/turn                E - ring of magical power

@: berserking (expiring), very quick
A: no striking features
a: Renounce Religion


You were in the Dungeon.
You worshipped Vehumet.
Vehumet was extremely pleased with you.
You visited 1 branch

Inventory:

Hand Weapons
 w - the +6 Majin-Bo {spellvamp, MP+6 Int+6}
   (You found it in the Dungeon)

   Int:       It affects your intelligence (+6).
   MP:        It affects your magic capacity (+6).
 y - the +8 lance "Wyrmbane" {slay drac, rPois rF+ rC+ AC+3}
   (You found it in the Dungeon)

   AC:        It affects your AC (+3).
   rF:        It protects you from fire.
   rC:        It protects you from cold.
   rPois:     It protects you from poison.
 z - the +16 obsidian axe {drain, demonic, Mesm Drain Fly SInv}
   (You found it in the Dungeon)

   Mesm:      Its wielder is mesmerised by any visible foes, and it cannot be
   unequipped while any foes are visible.
   SInv:      It lets you see invisible.
   Fly:       It grants you flight.
   Drain:     It drains your maximum health when unequipped.
 B - the +7 great mace "Firestarter" (weapon) {flame, inner flame, rFlCloud rF++}
   (You found it in the Dungeon)

   rFlCloud:  It grants immunity to clouds of flame.
   rF:        It greatly protects you from fire.
Armour
 a - a +0 robe
 v - +5 shadow dragon scales
 x - the +15 Maxwell's patent armour (worn) {-Cast -Tele rElec Will+ rCorr}
   (You found it in the Dungeon)

   rElec:     It insulates you from electricity.
   -Cast:     It prevents spellcasting.
   -Tele:     It prevents most forms of teleportation.
   rCorr:     It protects you from acid and corrosion.
   Will:      It increases your willpower.
 A - the +18 shield of the Gong {Loud rElec rN+ Will+ EV-5}
   (You found it in the Dungeon)

   Loud:      It is deafeningly noisy when blocking attacks.
   EV:        It affects your evasion (-5).
   rElec:     It insulates you from electricity.
   rN:        It protects you from negative energy.
   Will:      It increases your willpower.
Magical Staves
 t - a staff of death
 G - a staff of poison
 H - a staff of conjuration
 I - a staff of cold
Jewellery
 k - a +6 ring of intelligence (left hand)
 l - a +6 ring of intelligence
 E - a ring of magical power (right hand)
 F - a ring of protection from fire
Wands
 i - a wand of mindburst (7)
 j - a wand of quicksilver (1)
Scrolls
 h - 4 scrolls of blinking
 m - 4 scrolls of amnesia
 n - 7 scrolls of fog
 o - 5 scrolls of identify
 p - 2 scrolls of fear
Potions
 b - a potion of ambrosia
 c - 10 potions of curing
 d - 9 potions of heal wounds
 e - 6 potions of haste
 f - 7 potions of magic
 g - 2 potions of berserk rage
 q - 2 potions of brilliance
 r - 2 potions of invisibility
 s - 4 potions of resistance
 u - 5 potions of might
Miscellaneous
 C - a lightning rod (4/4)
 D - a tin of tremorstones (2/2)


   Skills:
 + Level 10.9 Fighting
 * Level 4.9 Armour
 + Level 6.2 Dodging
 - Level 2.4 Stealth
 - Level 2.4 Unarmed Combat
 * Level 15.1 Spellcasting
 * Level 4.2 Earth Magic


You had 31 spell levels left.
You knew the following spells:

 Your Spells              Type           Power      Damage    Failure   Level
a - Iron Shot             Conj/Erth      12%        9d3       100%        6

Your spell library contained the following spells:

 Spells                   Type           Power      Damage    Failure   Level
 Flame Wave               Conj/Fire      16%        2d7       100%        4
 Kindle Blastsparks       Fire/Tloc/Air  32%        2d12      100%        3
 Fulminant Prism          Conj/Hex       8%         3d7       100%        4
 Iskenderun's Mystic Bla  Conj/Tloc      16%        2d5       100%        4
 Arcjolt                  Conj/Air       8%         1d18      100%        5
 Iskenderun's Battlesphe  Conj           16%        2d7       100%        5
 Lee's Rapid Deconstruct  Erth           17%        3d11*     100%        5


Dungeon Overview and Level Annotations

Branches:
Dungeon (1/1)

Altars:
Ashenzari
Cheibriados
Dithmenos
Elyvilon
Fedhas
Gozag
Hepliaklqana
Kikubaaqudgha
Makhleb
Nemelex Xobeh
Okawaru
Qazlal
Ru
Sif Muna
Trog
Uskayaw
Vehumet
Wu Jian
Xom
Yredelemnul
Zin
The Shining One
Jiyva
Lugonu


Message History

Vehumet offers you knowledge of Flame Wave.
The air elemental explodes!
The fiery explosion engulfs the water elemental!!!
The water elemental is burned terribly!
You destroy the water elemental!
Vehumet accepts your kill. The water engulfing you falls away.
You gasp with relief as air once again reaches your lungs.
The fiery explosion engulfs the air elemental!!
You destroy the air elemental!
Vehumet accepts your kill.
The fiery explosion engulfs the deep elf zephyrmancer!!
You kill the deep elf zephyrmancer!
Vehumet accepts your kill. The fiery explosion engulfs you. You resist.
* * * LOW HITPOINT WARNING * * *
The deep elf archer unwields a +0 dagger.
The deep elf archer wields a +0 longbow.
The deep elf archer shoots an arrow.
The arrow hits you.
* * * LOW HITPOINT WARNING * * *
The deep elf archer unwields a +0 short sword.
The deep elf archer wields a +0 shortbow.
The deep elf archer shoots an arrow.
The arrow hits you.
* * * LOW HITPOINT WARNING * * *
Your Armour skill gained 4 levels and is now at level 4!
Your Dodging skill gained 3 levels and is now at level 6!
Your Spellcasting skill increases to level 15!
Your Earth Magic skill gained 4 levels and is now at level 4!
You have reached level 8!
You feel clever.
Unknown command.
Unknown command.
Unknown command.
Unknown command.
Unknown command.
Unknown command.
The deep elf archer shoots an arrow.
The arrow hits you!
* * * LOW HITPOINT WARNING * * *
The deep elf archer shoots an arrow.
The arrow hits you!
You die...

▓..:)|.e▓
▓..|:)..▓
▓...e...▓
▓.......▓
▓.......▓
▓..§§§..▓
▓.▓§§.▓.▓
▓..@§§..▓
▓▓▓▓▓▓▓▓▓


You could see 2 deep elf archers.

Vanquished Creatures
  A deep elf zephyrmancer (D)
  A polar bear (D)
  2 air elementals (D)
  A water elemental (D)
  An ice beast (D)
  A phantom (D)
  A wight (D)
  A jelly (D)
  4 orc priests (D)
  3 orc wizards (D)
  An adder simulacrum (D)
  2 orcs (D)
  2 endoplasms (D)
  A ball python simulacrum (D)
22 creatures vanquished.

Notes
Turn   | Place    | Note
-------+----------+-------------------------------------------
     0 | D        | Legacy the Deep Elf Monk began the quest for the Orb.
     0 | D        | Reached XP level 1. HP: 13/13 MP: 3/3
     0 | D        | Found a shimmering blue altar of Sif Muna.
     0 | D        | Found a bloodstained altar of Trog.
     0 | D        | Found a sacrificial altar of Ru.
     0 | D        | Found a stormy altar of Qazlal.
     0 | D        | Found an iron altar of Okawaru.
    10 | D        | Became a worshipper of Vehumet
    10 | D        | Reached * piety under Vehumet
    10 | D        | Offered knowledge of Foxfire by Vehumet.
    10 | D        | Reached ** piety under Vehumet
    17 | D        | Found a sparkling altar of Nemelex Xobeh.
    17 | D        | Found the +6 Majin-Bo {spellvamp, MP+6 Int+6}
    17 | D        | Found the +27 heavy crossbow "Sniper" {heavy, Acc+∞ SInv}
    17 | D        | Found the +10 dark maul {heavy}
    17 | D        | Found the +15 Maxwell's patent armour {-Cast -Tele rElec
                  | Will+ rCorr}
    17 | D        | Found the +18 shield of the Gong {Loud rElec rN+ Will+
                  | EV-5}
    17 | D        | Found the +16 obsidian axe {drain, demonic, Mesm Drain Fly
                  | SInv}
    17 | D        | Found the +7 great mace "Firestarter" {flame, inner flame,
                  | rFlCloud rF++}
    17 | D        | Found the +6 shillelagh "Devastator" {shatter}
    17 | D        | Found the +11 plutonium sword {Contam Stlth-}
    17 | D        | Found the +8 lance "Wyrmbane" {slay drac, rPois rF+ rC+
                  | AC+3}
    17 | D        | Found the +9 sword of Zonguldrok {reap}
    17 | D        | Found the +13 scythe of Curses {drain, curses, Drain}
    17 | D        | Found the +9 sword of Power {lifebolt}
    17 | D        | Found the +7 mace of Variability {chaos, chain chaos}
    17 | D        | Found the +11 Singing Sword {sonic wave}
    17 | D        | Found the +8 storm bow {elec, penet}
    19 | D        | Found a corrupted altar of Lugonu.
    19 | D        | Found an ancient bone altar of Kikubaaqudgha.
    19 | D        | Found a burning altar of Makhleb.
    19 | D        | Found a transporter.
    19 | D        | Found a viscous altar of Jiyva.
    19 | D        | Found a hazy altar of Hepliaklqana.
    26 | D        | Found an opulent altar of Gozag.
    27 | D        | Found a blossoming altar of Fedhas.
    92 | D        | Reached skill level 7 in Spellcasting
    92 | D        | Reached XP level 2. HP: 20/20 MP: 3/12
   164 | D        | Entered arena 2.
   164 | D        | Noticed a wight
   164 | D        | Noticed a phantom
   164 | D        | Found a transporter.
   167 | D        | Killed a wight
   167 | D        | Killed a phantom
   167 | D        | Offered knowledge of Kiss of Death by Vehumet.
   168 | D        | Reached skill level 10 in Spellcasting
   168 | D        | Reached XP level 3. HP: 16/28 MP: 13/17
   168 | D        | Reached XP level 4. HP: 19/32 MP: 13/18
   232 | D        | Entered arena 3.
   232 | D        | Found a transporter.
   236 | D        | Reached *** piety under Vehumet
   237 | D        | Reached skill level 11 in Spellcasting
   237 | D        | Reached XP level 5. HP: 18/38 MP: 18/20
   416 | D        | Entered arena 4.
   416 | D        | Noticed an ice beast
   416 | D        | Noticed a polar bear
   416 | D        | Found a transporter.
   417 | D        | Offered knowledge of Stone Arrow by Vehumet.
   423 | D        | Killed a polar bear
   424 | D        | Reached skill level 12 in Spellcasting
   424 | D        | Reached XP level 6. HP: 24/45 MP: 20/23
   425 | D        | Killed an ice beast
   425 | D        | Reached **** piety under Vehumet
   426 | D        | Reached skill level 13 in Spellcasting
   587 | D        | Entered arena 5.
   587 | D        | Found a transporter.
   589 | D        | Offered knowledge of Inner Flame by Vehumet.
   597 | D        | Reached XP level 7. HP: 36/52 MP: 26/26
   657 | D        | Entered arena 6.
   657 | D        | Found a transporter.
   661 | D        | Reached skill level 10 in Fighting
   661 | D        | Reached skill level 14 in Spellcasting
   661 | D        | Reached ***** piety under Vehumet
   858 | D        | Got the Catalogue of Violence
   866 | D        | Learned a level 6 spell: Iron Shot
   869 | D        | Entered arena 7.
   869 | D        | Noticed a deep elf archer
   869 | D        | Noticed an air elemental
   869 | D        | Noticed a deep elf archer
   869 | D        | Noticed an air elemental
   869 | D        | Noticed a water elemental
   869 | D        | Noticed a deep elf zephyrmancer
   869 | D        | Paralysed by an air elemental for 1 turns
   875 | D        | Paralysed by an air elemental for 1 turns
   877 | D        | Killed an air elemental
   877 | D        | Offered knowledge of Flame Wave by Vehumet.
   877 | D        | Killed a water elemental
   877 | D        | Killed an air elemental
   877 | D        | Killed a deep elf zephyrmancer
   878 | D        | Reached skill level 15 in Spellcasting
   878 | D        | Reached XP level 8. HP: 10/59 MP: 29/29
   878 | D        | HP: 3/88 [deep elf archer/arrow (7)]
   878 | D        | Shot with an arrow by a deep elf archer

Illustrated notes

Levels and vault maps discovered:
D:        sprint_v [room_start, room_1, room_2, room_3, room_4, room_5, room_6,
          room_7, room_8, room_9, room_10, room_11, room_12, room_13, room_14,
          room_15, room_16, room_17, room_18, room_19, room_20, room_21,
          room_22, room_23, room_24, room_25, room_26, room_27]

Skill      XL: |  1  2  3  4  5  6  7 |
---------------+----------------------+-----
Fighting       | 4 6 7 8 9 10 | 10.9
Spellcasting   | 7 10 11 12 13 15 | 15.1
Armour         | 4 |  4.9
Dodging        | 6 |  6.2
Earth Magic    | 4 |  4.2
Stealth        | |  2.4
Unarmed Combat | |  2.4

Action                     |  1- 3 |  4- 6 |  7- 9 || total
---------------------------+-------+-------+-------++-------
  Melee: Great mace        |     2 |    16 |    10 ||    28
  Evoke: Wand              |     1 |     3 |     2 ||     6
    Use: Potion            |     1 |       |     2 ||     3
 Armour: Plate armour      |     1 |    45 |    28 ||    74
  Dodge: Dodged            |       |     1 |     4 ||     5

Table legend: (Time is in decaauts)
 A = Elapsed time spent in this place.
 B = Non-inter-level travel time spent in this place.
 C = Inter-level travel time spent in this place.
 D = Time resting spent in this place.
 E = Time spent auto-exploring this place.
 F = Levels seen in this place.
 G = Mean time per level.
                   A        B        C        D        E       F      G
               +--------+--------+--------+--------+--------+-----+--------+
         Total |    892 |    892 |      0 |    667 |      0 |   1 |  892.0 |
       Dungeon |    892 |    892 |      0 |    667 |      0 |   1 |  892.0 |
               +--------+--------+--------+--------+--------+-----+--------+

Top non-repeatable levels by time:
       D: 892 daAuts
